Stars vs Rivermen

Created - Thursday, January 29, 2015 at 23:34

Goals
1 2 3 T
Stars 2 0 1 3
Rivermen 3 1 2 6
Shots
1 2 3 T
Stars 7 9 9 25
Rivermen 8 10 10 28

1st period

1. Rivermen , Joakim Nordstrom 18 (Mark Stone, Rob Davison) at 1:10
2. Rivermen , Brian Gibbons 14 (Colton Sissons) at 1:53
3. Stars , Carlo Colaiacovo 25 (Michael Davies, Wacey Hamilton) at 8:45 (PP)
4. Stars , Carlo Colaiacovo 26 (Matt Watkins) at 10:52
5. Rivermen , Brian Gibbons 15 (Joe Whitney) at 12:03

Penalties :
Chris Brown (Peo) for Tripping (Minor) at 8:40, Ryan Reaves (Peo) for Fighting (Major) at 12:01, Steven Delisle (TEX) for Fighting (Major) at 12:01

2nd period

6. Rivermen , Brian Gibbons 16 (John Lee, Joe Whitney) at 3:10

Penalties :
No Penalty

3rd period

7. Rivermen , Joe Whitney 5 (Ryan Reaves, Brian Gibbons) at 4:14
8. Rivermen , Mark Stone 18 (Jeremy Morin, Joakim Nordstrom) at 4:59 (PP)
9. Stars , Carlo Colaiacovo 27 (Spencer Machacek, Zac Dalpe) at 13:30

Penalties :
Steven Delisle (TEX) for Charging (Minor) at 4:34, Jeremy Morin (Peo) for Slashing (Minor) at 16:30

Goalie Stats

Joey MacDonald (TEX), 16 saves from 18 shots - (0.889), 36:50 minutes
Hannu Toivonen (TEX), 6 saves from 10 shots - (0.600), L, 4-19-3, 23:10 minutes
Jared Coreau (Peo), 22 saves from 25 shots - (0.880), W, 3-13-1, 60:00 minutes

Players Stats for Stars

Player Name              G  A  P  +/- PIM S  H  SB GA TA FO     MP     PP MP  PK MP  
------------------------------------------------------------------------------------
Alexandre Grenier        0  0  0  -1  0   3  0  0  4  1  1/2    21:56   0:48   0:25 
Austin Madaisky          0  0  0   0  0   1  1  0  1  2  0/0    15:57   0:26   0:00 
Cameron Gaunce           0  0  0  -4  0   0  1  0  0  1  1/1    25:59   0:00   0:25 
Carlo Colaiacovo         3  0  3   1  0   9  2  2  1  0  0/0    24:14   1:38   0:00 
Carter Bancks            0  0  0  -1  0   0  0  0  1  0  0/1    16:47   0:00   0:25 
Jamie Oleksiak           0  0  0  -4  0   2  5  0  4  1  0/0    27:11   1:38   0:25 
Joonas Rask              0  0  0   0  0   0  0  0  0  0  0/0     0:00   0:00   0:00 
Justin Shugg             0  0  0   0  0   0  2  0  0  0  2/2    22:15   0:48   0:00 
Matt Lowry               0  0  0  -1  0   0  1  0  1  0  3/8    16:44   0:00   0:00 
Matt Watkins             0  1  1  -2  0   1  1  0  2  0  1/1    19:54   1:16   0:00 
Michael Davies           0  1  1  -2  0   7  1  1  1  0  1/2    19:56   1:16   0:00 
Micheal Haley            0  0  0   0  0   0  0  0  0  0  1/1     2:10   0:00   0:00 
Patrik Nemeth            0  0  0   0  0   0  0  1  0  0  0/0     2:52   0:00   0:00 
Spencer Machacek         0  1  1   0  0   2  1  0  4  0  0/0    17:09   0:00   0:00 
Steven Delisle           0  0  0   1  7   0  1  1  0  0  0/0    24:08   0:26   0:00 
Vinny Saponari           0  0  0   0  0   0  0  0  0  0  0/0     1:01   0:00   0:00 
Wacey Hamilton           0  1  1  -2  0   0  1  1  1  0  8/11   20:07   1:16   0:00 
Zac Dalpe                0  1  1   0  0   0  1  0  1  0  4/13   21:13   0:48   0:00 

Players Stats for Rivermen

Player Name              G  A  P  +/- PIM S  H  SB GA TA FO     MP     PP MP  PK MP  
------------------------------------------------------------------------------------
Anton Belov              0  0  0   0  0   1  1  0  0  2  0/0    25:37   0:25   1:40 
Brian Gibbons            3  1  4   4  0   5  1  0  4  0  10/16  21:24   0:00   1:16 
Brian O'Neill            0  0  0   0  0   1  0  1  0  1  0/1    17:11   0:00   0:00 
Chris Brown              0  0  0   0  2   1  2  0  2  0  1/1    16:14   0:00   0:00 
Cody Goloubef            0  0  0  -1  0   0  1  2  0  2  0/0    16:18   0:00   0:00 
Colton Sissons           0  1  1   1  0   2  2  0  2  0  1/2    11:31   0:00   0:48 
Evan Rankin              0  0  0   1  0   0  0  0  0  0  0/1     8:45   0:00   0:00 
Jeremy Morin             0  1  1  -1  2   1  1  0  2  0  2/2    17:36   0:25   0:00 
Joakim Nordstrom         1  1  2  -1  0   2  2  0  0  0  3/8    17:12   0:25   0:00 
Joe Piskula              0  0  0  -1  0   0  1  1  0  2  0/0    16:18   0:00   0:00 
Joe Whitney              1  2  3   3  0   2  1  0  0  2  0/1    17:51   0:00   0:15 
John Lee                 0  1  1   0  0   0  0  0  0  0  0/0     6:04   0:00   0:00 
Mark Stone               1  1  2  -1  0   4  1  0  1  0  0/0    17:12   0:25   0:00 
Maxime Fortunus          0  0  0   4  0   2  0  0  0  0  0/0    18:05   0:00   0:24 
Rob Davison              0  1  1   4  0   0  1  0  0  1  0/0    18:05   0:00   0:24 
Ryan Reaves              0  1  1   2  5   5  0  0  2  2  1/2    15:26   0:00   1:49 
Ryan Sproul              0  0  0   0  0   1  1  0  0  1  0/0    19:33   0:25   1:40 
Zack Phillips            0  0  0   1  0   1  0  2  0  0  2/8    17:31   0:00   0:00 

3 Stars

1 - Brian Gibbons (Peo)
2 - Carlo Colaiacovo (TEX)
3 - Joe Whitney (Peo)

Power Play

Stars - 1 on 2 Attempt(s) - 50.00%
Rivermen - 1 on 1 Attempt(s) - 100.00%

Penalty Kill

Stars - 0 on 1 Attempt(s) - 0.00% - Score 0 goal in Penalty Kill
Rivermen - 1 on 2 Attempt(s) - 50.00% - Score 0 goal in Penalty Kill

Team Stat

Stars - Hits : 18 - Faceoff Wins : 22 - Blocked Shots : 6 - Penalty Minutes : 7
Rivermen - Hits : 15 - Faceoff Wins : 20 - Blocked Shots : 6 - Penalty Minutes : 9

Official

Referees : Unknown
Linesman : Unknown

Game Notes

Ryan Reaves beats up Steven Delisle at 12:01 of 1st period
Brian Gibbons has scored a Hat Trick!
Joey MacDonald enters game at 3:10 of 2nd period
Carlo Colaiacovo has scored a Hat Trick!
18:03 of 3rd period - Rivermen goal is going for a video replay. After video review, No Goal. The referee deems the play has been stopped, even if he had not physically had the opportunity to stop play by blowing his whistle.

Finance

Level 1 -- Attendance: 1645 (82.25%) -- Ticket Income $46,060
Level 2 -- Attendance: 819 (81.90%) -- Ticket Income $8,190
Total Attendance: 2464 (82.13%)
Total Ticket Income: $54,250
Other Income: $26,582
Total Income: $80,832

Stars

5 vs 5 Forward 
   Center                   Left Wing                Right Wing               Time % Phy DF OF 
 1 Zac Dalpe                Justin Shugg             Spencer Machacek         35     1   2  2  
 2 Wacey Hamilton           Matt Watkins             Michael Davies           30     1   2  2  
 3 Matt Lowry               Carter Bancks            Alexandre Grenier        22     1   2  2  
 4 Zac Dalpe                Justin Shugg             Alexandre Grenier        13     1   2  2  

5 vs 5 Defense 
   Defense                  Defense                                           Time % Phy DF OF 
 1 Cameron Gaunce           Jamie Oleksiak                                    35     1   2  2  
 2 Steven Delisle           Carlo Colaiacovo                                  30     1   2  2  
 3 Jamie Oleksiak           Cameron Gaunce                                    22     1   2  2  
 4 Austin Madaisky          Steven Delisle                                    13     1   2  2  

PowerPlay Forward 
   Center                   Left Wing                Right Wing               Time % Phy DF OF 
 1 Zac Dalpe                Justin Shugg             Alexandre Grenier        60     1   2  2  
 2 Wacey Hamilton           Matt Watkins             Michael Davies           40     1   2  2  

PowerPlay Defense
   Defense                  Defense                                           Time % Phy DF OF 
 1 Jamie Oleksiak           Carlo Colaiacovo                                  60     1   2  2  
 2 Steven Delisle           Austin Madaisky                                   40     1   2  2  

Penalty Kill 4 Players Forward 
   Center                   Wing                     Time % Phy DF OF 
 1 Carter Bancks            Alexandre Grenier        60     1   2  2  
 2 Justin Shugg             Michael Davies           40     1   2  2  

Penalty Kill 4 Players Defense
   Defense                  Defense                  Time % Phy DF OF 
 1 Cameron Gaunce           Jamie Oleksiak           60     1   2  2  
 2 Steven Delisle           Carlo Colaiacovo         40     1   2  2  

Penalty Kill - 3 Players Forward 
   Forward                                           Time % Phy DF OF 
 1 Justin Shugg                                      60     1   2  2  
 2 Michael Davies                                    40     1   2  2  

Penalty Kill - 3 Players Defense
   Defense                  Defense                  Time % Phy DF OF 
 1 Cameron Gaunce           Carlo Colaiacovo         60     1   2  2  
 2 Steven Delisle           Jamie Oleksiak           40     1   2  2  

4 vs 4 Forward 
   Center                   Wing                     Time % Phy DF OF 
 1 Spencer Machacek         Alexandre Grenier        60     1   2  2  
 2 Justin Shugg             Michael Davies           40     1   2  2  

4 vs 4 Defense
   Defense                  Defense                  Time % Phy DF OF 
 1 Carlo Colaiacovo         Steven Delisle           60     1   2  2  
 2 Cameron Gaunce           Jamie Oleksiak           40     1   2  2  

Last Minutes Offensive
   Center                   Left Wing                Right Wing               Defense                  Defense                  
   Zac Dalpe                Justin Shugg             Spencer Machacek         Jamie Oleksiak           Carlo Colaiacovo         

Last Minutes Defensive
   Center                   Left Wing                Right Wing               Defense                  Defense                  
   Zac Dalpe                Justin Shugg             Spencer Machacek         Jamie Oleksiak           Carlo Colaiacovo         

Goaltenders
Starting : Hannu Toivonen           
Backup : Joey MacDonald           

Extra Forwards
Normal : Alexandre Grenier, Justin Shugg, Carter Bancks - PP : Alexandre Grenier, Justin Shugg - PK : Carter Bancks
Extra Defensemen
Normal : Carlo Colaiacovo, Steven Delisle, Cameron Gaunce - PP : Steven Delisle - PK : Steven Delisle, Carlo Colaiacovo
Penalty Shots
Carter Bancks, Zac Dalpe, Justin Shugg, Michael Davies, Alexandre Grenier

Rivermen

5 vs 5 Forward 
   Center                   Left Wing                Right Wing               Time % Phy DF OF 
 1 Brian Gibbons            Joe Whitney              Ryan Reaves              35     1   2  2  
 2 Joakim Nordstrom         Jeremy Morin             Mark Stone               30     1   2  2  
 3 Zack Phillips            Chris Brown              Brian O'Neill            22     1   2  2  
 4 Colton Sissons           Brian Gibbons            Evan Rankin              13     1   2  2  

5 vs 5 Defense 
   Defense                  Defense                                           Time % Phy DF OF 
 1 Anton Belov              Ryan Sproul                                       35     1   2  2  
 2 Rob Davison              Maxime Fortunus                                   30     1   2  2  
 3 Cody Goloubef            Joe Piskula                                       22     1   2  2  
 4 John Lee                 Anton Belov                                       13     1   2  2  

PowerPlay Forward 
   Center                   Left Wing                Right Wing               Time % Phy DF OF 
 1 Brian Gibbons            Joe Whitney              Ryan Reaves              60     1   2  2  
 2 Joakim Nordstrom         Jeremy Morin             Mark Stone               40     1   2  2  

PowerPlay Defense
   Defense                  Defense                                           Time % Phy DF OF 
 1 Anton Belov              Ryan Sproul                                       60     1   2  2  
 2 Rob Davison              Maxime Fortunus                                   40     1   2  2  

Penalty Kill 4 Players Forward 
   Center                   Wing                     Time % Phy DF OF 
 1 Brian Gibbons            Ryan Reaves              60     1   2  2  
 2 Mark Stone               Joakim Nordstrom         40     1   2  2  

Penalty Kill 4 Players Defense
   Defense                  Defense                  Time % Phy DF OF 
 1 Anton Belov              Ryan Sproul              60     1   2  2  
 2 Rob Davison              Maxime Fortunus          40     1   2  2  

Penalty Kill - 3 Players Forward 
   Forward                                           Time % Phy DF OF 
 1 Brian Gibbons                                     60     1   2  2  
 2 Ryan Reaves                                       40     1   2  2  

Penalty Kill - 3 Players Defense
   Defense                  Defense                  Time % Phy DF OF 
 1 Anton Belov              Ryan Sproul              60     1   2  2  
 2 Rob Davison              Maxime Fortunus          40     1   2  2  

4 vs 4 Forward 
   Center                   Wing                     Time % Phy DF OF 
 1 Brian Gibbons            Ryan Reaves              60     1   2  2  
 2 Mark Stone               Joakim Nordstrom         40     1   2  2  

4 vs 4 Defense
   Defense                  Defense                  Time % Phy DF OF 
 1 Anton Belov              Ryan Sproul              60     1   2  2  
 2 Rob Davison              Maxime Fortunus          40     1   2  2  

Last Minutes Offensive
   Center                   Left Wing                Right Wing               Defense                  Defense                  
   Brian Gibbons            Joe Whitney              Ryan Reaves              Anton Belov              Ryan Sproul              

Last Minutes Defensive
   Center                   Left Wing                Right Wing               Defense                  Defense                  
   Brian Gibbons            Joe Whitney              Ryan Reaves              Anton Belov              Ryan Sproul              

Goaltenders
Starting : Jared Coreau             
Backup : Farm Player87            

Extra Forwards
Normal : Zack Phillips, Brian O'Neill, Colton Sissons - PP : Zack Phillips, Brian O'Neill - PK : Colton Sissons
Extra Defensemen
Normal : Cody Goloubef, Joe Piskula, John Lee - PP : Cody Goloubef - PK : Joe Piskula, John Lee
Penalty Shots
Brian Gibbons, Ryan Reaves, Mark Stone, Joakim Nordstrom, Zack Phillips

% Time on Ice - Stars

Lines # - Real PCT - Wanted PCT - Time Play
Normal Forward
1 - 32% - 35% - 18:18
2 - 34% - 30% - 19:39
3 - 28% - 22% - 16:02
4 - 6% - 13% - 3:32
Normal Defense
1 - 28% - 35% - 15:51
2 - 33% - 30% - 19:14
3 - 15% - 22% - 8:25
4 - 24% - 13% - 14:01
PP Forward
1 - 39% - 60% - 0:48
2 - 61% - 40% - 1:16
PP Defense
1 - 79% - 60% - 1:38
2 - 21% - 40% - 0:26
PK Forward
1 - 100% - 60% - 0:25
2 - 0% - 40% - 0:00
PK Defense
1 - 100% - 60% - 0:25
2 - 0% - 40% - 0:00
PK3 Forward
1 - 0% - 60%
2 - 0% - 40%
PK3 Defense
1 - 0% - 60%
2 - 0% - 40%
44 Forward
1 - 0% - 60%
2 - 0% - 40%
44 Defense
1 - 0% - 60%
2 - 0% - 40%
Last Minute Offensive  - 0:00
Last Minute Defensive  - 0:00
Total
Forward - 60:00
Defense - 60:00

% Time on Ice - Rivermen

Lines # - Real PCT - Wanted PCT - Time Play
Normal Forward
1 - 27% - 35% - 15:44
2 - 29% - 30% - 16:47
3 - 28% - 22% - 16:15
4 - 15% - 13% - 8:45
Normal Defense
1 - 30% - 35% - 17:28
2 - 31% - 30% - 17:41
3 - 28% - 22% - 16:18
4 - 11% - 13% - 6:04
PP Forward
1 - 0% - 60% - 0:00
2 - 100% - 40% - 0:25
PP Defense
1 - 100% - 60% - 0:25
2 - 0% - 40% - 0:00
PK Forward
1 - 100% - 60% - 2:04
2 - 0% - 40% - 0:00
PK Defense
1 - 81% - 60% - 1:40
2 - 19% - 40% - 0:24
PK3 Forward
1 - 0% - 60%
2 - 0% - 40%
PK3 Defense
1 - 0% - 60%
2 - 0% - 40%
44 Forward
1 - 0% - 60%
2 - 0% - 40%
44 Defense
1 - 0% - 60%
2 - 0% - 40%
Last Minute Offensive  - 0:00
Last Minute Defensive  - 0:00
Total
Forward - 60:00
Defense - 60:00

Play by Play

1st period


0:01 of 1st period - Brian Gibbons wins face-off versus Zac Dalpe in neutral zone.
0:18 of 1st period - Ryan Reaves is hit by Spencer Machacek and loses puck.
0:57 of 1st period - Steven Delisle is hit by Jeremy Morin and loses puck.
1:04 of 1st period - Wrist shot by Mark Stone.
1:04 of 1st period - Shot Misses the Net.
1:06 of 1st period - Wrist shot by Maxime Fortunus.
1:06 of 1st period - Shot Blocked by Carlo Colaiacovo.
1:08 of 1st period - Slapshot by Rob Davison.
1:08 of 1st period - Deflect By Mark Stone.
1:08 of 1st period - Stopped by Hannu Toivonen with a rebound.
1:10 of 1st period - Snap shot by Joakim Nordstrom.
1:10 of 1st period - Goal by Joakim Nordstrom - Stars : 0 - Rivermen : 1.
1:11 of 1st period - Zack Phillips wins face-off versus Matt Lowry in neutral zone.
1:35 of 1st period - Wrist shot by Brian O'Neill.
1:35 of 1st period - Stopped by Hannu Toivonen without a rebound.
1:36 of 1st period - Wacey Hamilton wins face-off versus Evan Rankin in Stars zone.
1:41 of 1st period - Maxime Fortunus is hit by Matt Watkins and loses puck.
1:48 of 1st period - Michael Davies is hit by Rob Davison and loses puck.
1:53 of 1st period - Snap shot by Brian Gibbons.
1:53 of 1st period - Goal by Brian Gibbons - Stars : 0 - Rivermen : 2.
1:54 of 1st period - Joakim Nordstrom wins face-off versus Zac Dalpe in neutral zone.
3:35 of 1st period - Slapshot by Alexandre Grenier.
3:35 of 1st period - Shot Misses the Net.
4:11 of 1st period - Maxime Fortunus is hit by Austin Madaisky and loses puck.
4:19 of 1st period - Off-side.
4:20 of 1st period - Wacey Hamilton wins face-off versus Joakim Nordstrom in neutral zone.
4:30 of 1st period - Snap shot by Jamie Oleksiak.
4:30 of 1st period - Stopped by Jared Coreau with a rebound.
4:32 of 1st period - Snap shot by Cameron Gaunce.
4:32 of 1st period - Shot Misses the Net.
4:34 of 1st period - Backhand shot by Jamie Oleksiak.
4:34 of 1st period - Stopped by Jared Coreau with a rebound.
5:27 of 1st period - Justin Shugg is hit by Chris Brown and loses puck.
5:34 of 1st period - Snap shot by Zack Phillips.
5:34 of 1st period - Stopped by Hannu Toivonen with a rebound.
7:24 of 1st period - Snap shot by Colton Sissons.
7:24 of 1st period - Stopped by Hannu Toivonen with a rebound.
7:26 of 1st period - Slapshot by Joe Whitney.
7:26 of 1st period - Shot Misses the Net.
7:28 of 1st period - Slapshot by Rob Davison.
7:28 of 1st period - Shot Misses the Net.
7:30 of 1st period - Snap shot by Joe Whitney.
7:30 of 1st period - Shot Blocked by Carlo Colaiacovo.
7:32 of 1st period - Wrist shot by Ryan Reaves.
7:32 of 1st period - Stopped by Hannu Toivonen without a rebound.
7:33 of 1st period - Colton Sissons wins face-off versus Zac Dalpe in Stars zone.
8:31 of 1st period - Wrist shot by Jeremy Morin.
8:31 of 1st period - Shot Misses the Net.
8:40 of 1st period - Minor Penalty to Chris Brown for Tripping.
8:41 of 1st period - Wacey Hamilton wins face-off versus Brian Gibbons in Rivermen zone.
8:45 of 1st period - Slapshot by Carlo Colaiacovo.
8:45 of 1st period - Goal by Carlo Colaiacovo - Stars : 1 - Rivermen : 2.
8:46 of 1st period - Justin Shugg wins face-off versus Zack Phillips in neutral zone.
9:07 of 1st period - Snap shot by Spencer Machacek.
9:07 of 1st period - Stopped by Jared Coreau with a rebound.
9:37 of 1st period - Wrist shot by Michael Davies.
9:37 of 1st period - Stopped by Jared Coreau without a rebound.
9:38 of 1st period - Brian Gibbons wins face-off versus Matt Lowry in Rivermen zone.
10:52 of 1st period - Slapshot by Carlo Colaiacovo.
10:52 of 1st period - Goal by Carlo Colaiacovo - Stars : 2 - Rivermen : 2.
10:53 of 1st period - Zac Dalpe wins face-off versus Brian O'Neill in neutral zone.
11:08 of 1st period - Slapshot by Zac Dalpe.
11:08 of 1st period - Deflect By Spencer Machacek.
11:08 of 1st period - Shot Misses the Net.
11:08 of 1st period - Puck is out of play.
11:09 of 1st period - Zac Dalpe wins face-off versus Zack Phillips in Rivermen zone.
12:01 of 1st period - Ryan Reaves beats up Steven Delisle.
12:01 of 1st period - Penalty to Ryan Reaves for Fighting.
12:01 of 1st period - Penalty to Steven Delisle for Fighting.
12:02 of 1st period - Brian Gibbons wins face-off versus Matt Lowry in Stars zone.
12:03 of 1st period - Slapshot by Joe Whitney.
12:03 of 1st period - Deflect By Brian Gibbons.
12:03 of 1st period - Goal by Brian Gibbons - Stars : 2 - Rivermen : 3.
12:04 of 1st period - Brian Gibbons wins face-off versus Zac Dalpe in neutral zone.
12:06 of 1st period - Off-side.
12:07 of 1st period - Alexandre Grenier wins face-off versus Brian Gibbons in neutral zone.
14:51 of 1st period - Matt Watkins is hit by Chris Brown and loses puck.
16:25 of 1st period - Maxime Fortunus is hit by Carlo Colaiacovo and loses puck.
16:50 of 1st period - Rob Davison is hit by Jamie Oleksiak and loses puck.
17:36 of 1st period - Wrist shot by Spencer Machacek.
17:36 of 1st period - Stopped by Jared Coreau without a rebound.
17:37 of 1st period - Zack Phillips wins face-off versus Zac Dalpe in Rivermen zone.
19:01 of 1st period - Wrist shot by Carlo Colaiacovo.
19:01 of 1st period - Shot Blocked by Brian O'Neill.
Goals for this period are 2 for Stars vs 3 for Rivermen.
Shots for this period are 7 for Stars vs 8 for Rivermen.

2nd period


0:01 of 2nd period - Brian Gibbons wins face-off versus Alexandre Grenier in neutral zone.
0:34 of 2nd period - Justin Shugg is hit by Anton Belov and loses puck.
0:51 of 2nd period - Ryan Sproul is hit by Jamie Oleksiak and loses puck.
1:12 of 2nd period - Snap shot by Carlo Colaiacovo.
1:12 of 2nd period - Stopped by Jared Coreau with a rebound.
1:14 of 2nd period - Slapshot by Carlo Colaiacovo.
1:14 of 2nd period - Stopped by Jared Coreau with a rebound.
1:16 of 2nd period - Snap shot by Matt Watkins.
1:16 of 2nd period - Stopped by Jared Coreau with a rebound.
1:42 of 2nd period - Slapshot by Carlo Colaiacovo.
1:42 of 2nd period - Stopped by Jared Coreau with a rebound.
1:44 of 2nd period - Wrist shot by Alexandre Grenier.
1:44 of 2nd period - Stopped by Jared Coreau with a rebound.
2:14 of 2nd period - Chris Brown is hit by Jamie Oleksiak.
3:08 of 2nd period - Wrist shot by Joe Whitney.
3:08 of 2nd period - Stopped by Hannu Toivonen with a rebound.
3:10 of 2nd period - Slapshot by John Lee.
3:10 of 2nd period - Deflect By Brian Gibbons.
3:10 of 2nd period - Goal by Brian Gibbons - Stars : 2 - Rivermen : 4.
3:10 of 2nd period - Joey MacDonald enters game.
3:11 of 2nd period - Joakim Nordstrom wins face-off versus Matt Lowry in neutral zone.
3:14 of 2nd period - Alexandre Grenier is hit by Joakim Nordstrom and loses puck.
4:54 of 2nd period - Snap shot by Anton Belov.
4:54 of 2nd period - Shot Misses the Net.
5:06 of 2nd period - Wrist shot by Alexandre Grenier.
5:06 of 2nd period - Shot Misses the Net.
6:22 of 2nd period - Joakim Nordstrom is hit by Matt Lowry and loses puck.
7:41 of 2nd period - Snap shot by Brian O'Neill.
7:41 of 2nd period - Deflect By Chris Brown.
7:41 of 2nd period - Shot Blocked by Wacey Hamilton.
7:41 of 2nd period - Puck is out of play.
7:42 of 2nd period - Chris Brown wins face-off versus Zac Dalpe in Stars zone.
8:01 of 2nd period - Jamie Oleksiak is hit by Cody Goloubef and loses puck.
8:49 of 2nd period - Backhand shot by Anton Belov.
8:49 of 2nd period - Deflect By Ryan Reaves.
8:49 of 2nd period - Stopped by Joey MacDonald with a rebound.
9:48 of 2nd period - Wrist shot by Joakim Nordstrom.
9:48 of 2nd period - Stopped by Joey MacDonald with a rebound.
10:13 of 2nd period - Slapshot by Jamie Oleksiak.
10:13 of 2nd period - Shot Misses the Net.
10:15 of 2nd period - Snap shot by Matt Watkins.
10:15 of 2nd period - Shot Misses the Net.
10:27 of 2nd period - Chris Brown is hit by Jamie Oleksiak and loses puck.
10:34 of 2nd period - Snap shot by Michael Davies.
10:34 of 2nd period - Stopped by Jared Coreau with a rebound.
10:36 of 2nd period - Slapshot by Carlo Colaiacovo.
10:36 of 2nd period - Stopped by Jared Coreau without a rebound.
10:37 of 2nd period - Brian Gibbons wins face-off versus Michael Davies in Rivermen zone.
11:19 of 2nd period - Jeremy Morin is hit by Wacey Hamilton and loses puck.
11:52 of 2nd period - Icing by Matt Watkins.
11:53 of 2nd period - Matt Watkins wins face-off versus Ryan Reaves in Stars zone.
11:53 of 2nd period - Matt Watkins is hit by Joe Whitney.
12:07 of 2nd period - Wrist shot by Ryan Reaves.
12:07 of 2nd period - Stopped by Joey MacDonald with a rebound.
12:09 of 2nd period - Slapshot by Maxime Fortunus.
12:09 of 2nd period - Shot Misses the Net.
12:11 of 2nd period - Wrist shot by Brian Gibbons.
12:11 of 2nd period - Shot Misses the Net.
12:23 of 2nd period - Snap shot by Jeremy Morin.
12:23 of 2nd period - Shot Blocked by Patrik Nemeth.
12:25 of 2nd period - Slapshot by Maxime Fortunus.
12:25 of 2nd period - Stopped by Joey MacDonald with a rebound.
12:27 of 2nd period - Slapshot by Maxime Fortunus.
12:27 of 2nd period - Deflect By Carlo Colaiacovo.
12:27 of 2nd period - Stopped by Joey MacDonald without a rebound.
12:28 of 2nd period - Wacey Hamilton wins face-off versus Joakim Nordstrom in Stars zone.
13:08 of 2nd period - Slapshot by Jamie Oleksiak.
13:08 of 2nd period - Shot Misses the Net.
13:24 of 2nd period - Brian Gibbons is hit by Cameron Gaunce.
14:06 of 2nd period - Slapshot by Anton Belov.
14:06 of 2nd period - Stopped by Joey MacDonald with a rebound.
14:08 of 2nd period - Slapshot by Anton Belov.
14:08 of 2nd period - Deflect By Colton Sissons.
14:08 of 2nd period - Stopped by Joey MacDonald with a rebound.
15:51 of 2nd period - Wrist shot by Matt Watkins.
15:51 of 2nd period - Shot Misses the Net.
16:09 of 2nd period - Snap shot by Ryan Reaves.
16:09 of 2nd period - Shot Misses the Net.
16:21 of 2nd period - Wrist shot by Joe Whitney.
16:21 of 2nd period - Shot Misses the Net.
16:23 of 2nd period - Snap shot by Ryan Sproul.
16:23 of 2nd period - Stopped by Joey MacDonald with a rebound.
16:39 of 2nd period - Wrist shot by Brian O'Neill.
16:39 of 2nd period - Shot Misses the Net.
16:41 of 2nd period - Slapshot by Brian O'Neill.
16:41 of 2nd period - Deflect By Chris Brown.
16:41 of 2nd period - Shot Hit the Post.
16:41 of 2nd period - Puck is out of play.
16:42 of 2nd period - Micheal Haley wins face-off versus Zack Phillips in Stars zone.
17:09 of 2nd period - Steven Delisle is hit by Mark Stone and loses puck.
18:56 of 2nd period - Wrist shot by Alexandre Grenier.
18:56 of 2nd period - Stopped by Jared Coreau with a rebound.
18:58 of 2nd period - Snap shot by Austin Madaisky.
18:58 of 2nd period - Stopped by Jared Coreau with a rebound.
19:00 of 2nd period - Backhand shot by Carlo Colaiacovo.
19:00 of 2nd period - Deflect By Alexandre Grenier.
19:00 of 2nd period - Shot Misses the Net.
19:00 of 2nd period - Puck is out of play.
19:01 of 2nd period - Cameron Gaunce wins face-off versus Zack Phillips in Rivermen zone.
19:42 of 2nd period - Snap shot by Carlo Colaiacovo.
19:42 of 2nd period - Deflect By Michael Davies.
19:42 of 2nd period - Shot Misses the Net.
19:42 of 2nd period - Puck is out of play.
19:43 of 2nd period - Wacey Hamilton wins face-off versus Joakim Nordstrom in Rivermen zone.
Goals for this period are 0 for Stars vs 1 for Rivermen.
Shots for this period are 9 for Stars vs 10 for Rivermen.

3rd period


0:01 of 3rd period - Zac Dalpe wins face-off versus Brian Gibbons in neutral zone.
0:10 of 3rd period - Icing by Anton Belov.
0:11 of 3rd period - Brian Gibbons wins face-off versus Zac Dalpe in Rivermen zone.
1:07 of 3rd period - Snap shot by Mark Stone.
1:07 of 3rd period - Stopped by Joey MacDonald with a rebound.
1:09 of 3rd period - Slapshot by Mark Stone.
1:09 of 3rd period - Shot Misses the Net.
1:11 of 3rd period - Wrist shot by Joakim Nordstrom.
1:11 of 3rd period - Shot Blocked by Michael Davies.
1:35 of 3rd period - Snap shot by Mark Stone.
1:35 of 3rd period - Stopped by Joey MacDonald with a rebound.
2:46 of 3rd period - Carlo Colaiacovo is hit by Colton Sissons and loses puck.
3:38 of 3rd period - Michael Davies is hit by Ryan Sproul and loses puck.
4:01 of 3rd period - Jamie Oleksiak is hit by Brian Gibbons and loses puck.
4:12 of 3rd period - Snap shot by Ryan Reaves.
4:12 of 3rd period - Shot Misses the Net.
4:14 of 3rd period - Wrist shot by Joe Whitney.
4:14 of 3rd period - Goal by Joe Whitney - Stars : 2 - Rivermen : 5.
4:15 of 3rd period - Wacey Hamilton wins face-off versus Joe Whitney in neutral zone.
4:20 of 3rd period - Slapshot by Carlo Colaiacovo.
4:20 of 3rd period - Deflect By Michael Davies.
4:20 of 3rd period - Shot Misses the Net.
4:20 of 3rd period - Puck is out of play.
4:21 of 3rd period - Michael Davies wins face-off versus Brian Gibbons in Rivermen zone.
4:22 of 3rd period - Snap shot by Carlo Colaiacovo.
4:22 of 3rd period - Shot Misses the Net.
4:24 of 3rd period - Wrist shot by Wacey Hamilton.
4:24 of 3rd period - Shot Misses the Net.
4:26 of 3rd period - Slapshot by Carlo Colaiacovo.
4:26 of 3rd period - Stopped by Jared Coreau with a rebound.
4:28 of 3rd period - Slapshot by Carlo Colaiacovo.
4:28 of 3rd period - Stopped by Jared Coreau without a rebound.
4:29 of 3rd period - Brian Gibbons wins face-off versus Wacey Hamilton in Rivermen zone.
4:29 of 3rd period - Brian Gibbons is hit by Michael Davies.
4:34 of 3rd period - Minor Penalty to Steven Delisle for Charging.
4:35 of 3rd period - Joakim Nordstrom wins face-off versus Carter Bancks in Stars zone.
4:43 of 3rd period - Wrist shot by Mark Stone.
4:43 of 3rd period - Shot Misses the Net.
4:59 of 3rd period - Slapshot by Mark Stone.
4:59 of 3rd period - Goal by Mark Stone - Stars : 2 - Rivermen : 6.
5:00 of 3rd period - Ryan Reaves wins face-off versus Zac Dalpe in neutral zone.
5:25 of 3rd period - Slapshot by Brian Gibbons.
5:25 of 3rd period - Stopped by Joey MacDonald without a rebound.
5:26 of 3rd period - Jeremy Morin wins face-off versus Matt Lowry in Stars zone.
5:33 of 3rd period - Snap shot by Jeremy Morin.
5:33 of 3rd period - Stopped by Joey MacDonald with a rebound.
5:43 of 3rd period - Wrist shot by Mark Stone.
5:43 of 3rd period - Deflect By Jeremy Morin.
5:43 of 3rd period - Shot Misses the Net.
5:43 of 3rd period - Puck is out of play.
5:44 of 3rd period - Matt Lowry wins face-off versus Joakim Nordstrom in Stars zone.
5:53 of 3rd period - Wrist shot by Alexandre Grenier.
5:53 of 3rd period - Stopped by Jared Coreau with a rebound.
6:09 of 3rd period - Rob Davison is hit by Carlo Colaiacovo and loses puck.
6:45 of 3rd period - Brian Gibbons is hit by Steven Delisle and loses puck.
7:14 of 3rd period - Slapshot by Jamie Oleksiak.
7:14 of 3rd period - Shot Misses the Net.
7:16 of 3rd period - Wrist shot by Matt Watkins.
7:16 of 3rd period - Shot Misses the Net.
7:18 of 3rd period - Slapshot by Cameron Gaunce.
7:18 of 3rd period - Shot Blocked by Zack Phillips.
7:20 of 3rd period - Slapshot by Jamie Oleksiak.
7:20 of 3rd period - Shot Blocked by Zack Phillips.
7:24 of 3rd period - Wrist shot by Michael Davies.
7:24 of 3rd period - Stopped by Jared Coreau with a rebound.
7:26 of 3rd period - Slapshot by Jamie Oleksiak.
7:26 of 3rd period - Deflect By Michael Davies.
7:26 of 3rd period - Stopped by Jared Coreau without a rebound.
7:27 of 3rd period - Matt Lowry wins face-off versus Colton Sissons in Rivermen zone.
7:34 of 3rd period - Backhand shot by Alexandre Grenier.
7:34 of 3rd period - Shot Blocked by Joe Piskula.
7:44 of 3rd period - Jamie Oleksiak is hit by Joe Piskula.
8:20 of 3rd period - Steven Delisle is hit by Joakim Nordstrom and loses puck.
8:51 of 3rd period - Wrist shot by Michael Davies.
8:51 of 3rd period - Stopped by Jared Coreau with a rebound.
8:53 of 3rd period - Slapshot by Michael Davies.
8:53 of 3rd period - Stopped by Jared Coreau without a rebound.
8:54 of 3rd period - Wacey Hamilton wins face-off versus Zack Phillips in Rivermen zone.
9:05 of 3rd period - Snap shot by Chris Brown.
9:05 of 3rd period - Stopped by Joey MacDonald with a rebound.
10:28 of 3rd period - Snap shot by Brian Gibbons.
10:28 of 3rd period - Shot Misses the Net.
10:30 of 3rd period - Slapshot by Rob Davison.
10:30 of 3rd period - Shot Misses the Net.
11:34 of 3rd period - Colton Sissons is hit by Zac Dalpe and loses puck.
11:47 of 3rd period - Snap shot by Brian Gibbons.
11:47 of 3rd period - Shot Misses the Net.
12:07 of 3rd period - Snap shot by Jamie Oleksiak.
12:07 of 3rd period - Shot Misses the Net.
12:09 of 3rd period - Slapshot by Jamie Oleksiak.
12:09 of 3rd period - Shot Blocked by Cody Goloubef.
13:18 of 3rd period - Off-side.
13:19 of 3rd period - Zac Dalpe wins face-off versus Joakim Nordstrom in neutral zone.
13:28 of 3rd period - Snap shot by Spencer Machacek.
13:28 of 3rd period - Shot Misses the Net.
13:30 of 3rd period - Slapshot by Carlo Colaiacovo.
13:30 of 3rd period - Goal by Carlo Colaiacovo - Stars : 3 - Rivermen : 6.
13:31 of 3rd period - Matt Lowry wins face-off versus Zack Phillips in neutral zone.
14:54 of 3rd period - Wrist shot by Ryan Reaves.
14:54 of 3rd period - Stopped by Joey MacDonald without a rebound.
14:55 of 3rd period - Justin Shugg wins face-off versus Brian Gibbons in Stars zone.
15:04 of 3rd period - Wrist shot by Ryan Reaves.
15:04 of 3rd period - Shot Misses the Net.
15:12 of 3rd period - Cody Goloubef is hit by Justin Shugg and loses puck.
15:35 of 3rd period - Backhand shot by Michael Davies.
15:35 of 3rd period - Shot Blocked by Cody Goloubef.
16:23 of 3rd period - Icing by Spencer Machacek.
16:24 of 3rd period - Jeremy Morin wins face-off versus Zac Dalpe in Stars zone.
16:30 of 3rd period - Minor Penalty to Jeremy Morin for Slashing.
16:31 of 3rd period - Wacey Hamilton wins face-off versus Brian Gibbons in Rivermen zone.
16:45 of 3rd period - Slapshot by Carlo Colaiacovo.
16:45 of 3rd period - Deflect By Michael Davies.
16:45 of 3rd period - Stopped by Jared Coreau without a rebound.
16:46 of 3rd period - Brian Gibbons wins face-off versus Wacey Hamilton in Rivermen zone.
16:55 of 3rd period - Anton Belov is hit by Jamie Oleksiak and loses puck.
17:59 of 3rd period - Snap shot by Ryan Reaves.
17:59 of 3rd period - Stopped by Joey MacDonald with a rebound.
18:01 of 3rd period - Slapshot by Ryan Sproul.
18:01 of 3rd period - Shot Misses the Net.
18:03 of 3rd period - Wrist shot by Brian Gibbons.
18:03 of 3rd period - Rivermen goal is going for a video replay.
18:03 of 3rd period - The goal is refused. The referee deems the play has been stopped, even if he had not physically had the opportunity to stop play by blowing his whistle..
18:04 of 3rd period - Brian Gibbons wins face-off versus Wacey Hamilton in Stars zone.
18:30 of 3rd period - Penalty to Jeremy Morin is over, Jeremy Morin is back on ice.
18:36 of 3rd period - Joe Whitney is hit by Justin Shugg.
18:40 of 3rd period - Austin Madaisky is hit by Colton Sissons and loses puck.
19:15 of 3rd period - Wrist shot by Brian O'Neill.
19:15 of 3rd period - Shot Misses the Net.
19:17 of 3rd period - Slapshot by Brian O'Neill.
19:17 of 3rd period - Shot Blocked by Steven Delisle.
Goals for this period are 1 for Stars vs 2 for Rivermen.
Shots for this period are 9 for Stars vs 10 for Rivermen.


Output by the SimonT Hockey Simulator (STHS) for Eric Dolegowski -- Original Page W3C XHTML 1.0 Valid
Hockey Simulator - Hockey Simulation - Hockey Manager